MLB
CHICAGO WHITE SOX @ MINNESOTA TWINS
09/17/2019
 
TOP OF THE 1ST
Chicago White Sox batting - Pitching for Minnesota Twins : LHP Brandon Waddell
Pitching: LHP Brandon Waddell
Batting: RHB Drew Jackson 0-0: Ball
1-0: Ball
2-0: Called Strike
2-1: Foul Ball, location: 2F
2-2: Ball
3-2: Base on Balls
Batting: LHB Michael Brantley 0-0: Ball
1-0: Called Strike
1-1: Ball
2-1: Called Strike
2-2: Grounds into double play, 4-6-3 (Groundball, 4, EV 102.5 MPH)
Batting: RHB Justin Turner 0-0: Called Strike
0-1: Fly out, F8 (Flyball, 78M, EV 88.1 MPH)
Top of the 1st over - 0 runs, 0 hits, 0 errors, 0 left on base; Chicago 0 - Minnesota 0
BOTTOM OF THE 1ST
Minnesota Twins batting - Pitching for Chicago White Sox : RHP Ross Stripling
Pitching: RHP Ross Stripling
Batting: LHB Nolan Fontana 0-0: Ball
1-0: Foul Ball, location: 2F
1-1: Ball
2-1: Foul Ball, location: 2F
2-2: Foul Ball, location: 2F
2-2: Ball
3-2: Ground out 4-3 (Groundball, 4, EV 101.9 MPH)
Batting: RHB Miguel Rojas 0-0: Foul Ball, location: 2F
0-1: Foul Ball, location: 2F
0-2: Foul Ball, location: 2F
0-2: Ball
1-2: Foul Ball, location: 2F
1-2: Strikes out looking
Batting: LHB Freddie Freeman 0-0: Ball
1-0: Ball
2-0: SOLO HOME RUN (Flyball, 9D, EV 91.3 MPH), Distance : 400 ft
Batting: RHB Carlos Correa 0-0: Ball
1-0: Ball
2-0: Foul Ball, location: 2F
2-1: Ground out 4-3 (Groundball, 34, EV 89.4 MPH)
Bottom of the 1st over - 1 run, 1 hit, 0 errors, 0 left on base; Chicago 0 - Minnesota 1
TOP OF THE 2ND
Chicago White Sox batting - Pitching for Minnesota Twins : LHP Brandon Waddell
Batting: LHB Corey Seager 0-0: Ball
1-0: Swinging Strike
1-1: Foul Ball, location: 2F
1-2: Ball
2-2: Ball
3-2: Fly out, F4 (Flyball, 34D, EV 87.5 MPH)
Batting: LHB Brandon Belt 0-0: Ball
1-0: Ball
2-0: Ground out 6-3 (Groundball, 6, EV 92.5 MPH)
Batting: SHB Melky Cabrera 0-0: Ball
1-0: SINGLE (Line Drive, 56, EV 95.0 MPH)
Batting: LHB Andrew Toles 0-0: Ball
1-0: Ground out 1-3 (Groundball, 13, EV 63.1 MPH)
Top of the 2nd over - 0 runs, 1 hit, 0 errors, 1 left on base; Chicago 0 - Minnesota 1
BOTTOM OF THE 2ND
Minnesota Twins batting - Pitching for Chicago White Sox : RHP Ross Stripling
Batting: LHB Derek Dietrich 0-0: Foul Ball, location: 2F
0-1: Called Strike
0-2: Strikes out looking
Batting: LHB Jay Bruce 0-0: Ball
1-0: Swinging Strike
1-1: Ball
2-1: Swinging Strike
2-2: Strikes out swinging
Batting: RHB Adam Jones 0-0: Foul Ball, location: 2F
0-1: Fly out, F8 (Flyball, 8RM, EV 90.6 MPH)
Bottom of the 2nd over - 0 runs, 0 hits, 0 errors, 0 left on base; Chicago 0 - Minnesota 1
TOP OF THE 3RD
Chicago White Sox batting - Pitching for Minnesota Twins : LHP Brandon Waddell
Batting: LHB Marco Hernandez 0-0: Ball
1-0: Ball
2-0: Foul Ball, location: 2F
2-1: Fly out, F7 (Flyball, 78M, EV 76.9 MPH)
Batting: RHB Alex Murphy 0-0: Fly out, F8 (Flyball, 89D, EV 88.1 MPH)
Batting: RHB Drew Jackson 0-0: Ball
1-0: Foul Ball, location: 2F
1-1: Called Strike
1-2: Ball
2-2: Strikes out looking
Top of the 3rd over - 0 runs, 0 hits, 0 errors, 0 left on base; Chicago 0 - Minnesota 1
BOTTOM OF THE 3RD
Minnesota Twins batting - Pitching for Chicago White Sox : RHP Ross Stripling
Batting: RHB Avisail Garcia 0-0: Ground out 5-3 (Groundball, 5S, EV 68.8 MPH)
Batting: RHB Chris Iannetta 0-0: Foul Ball, location: 2F
0-1: Ground out 6-3 (Groundball, 56, EV 83.8 MPH)
Batting: LHB Nolan Fontana 0-0: Foul Ball, location: 2F
0-1: Ball
1-1: Swinging Strike
1-2: Foul Ball, location: 2F
1-2: Ground out 4-3 (Groundball, 4, EV 101.3 MPH)
Bottom of the 3rd over - 0 runs, 0 hits, 0 errors, 0 left on base; Chicago 0 - Minnesota 1
TOP OF THE 4TH
Chicago White Sox batting - Pitching for Minnesota Twins : LHP Brandon Waddell
Batting: LHB Michael Brantley 0-0: Called Strike
0-1: Fly out, F8 (Line Drive, 8RD, EV 102.5 MPH)
Batting: RHB Justin Turner 0-0: Ball
1-0: Ball
2-0: Ball
3-0: Called Strike
3-1: Base on Balls
Pitching: RHP Nick B. Anderson
Batting: LHB Corey Seager 0-0: Ball
1-0: Foul Ball, location: 2F
1-1: Foul Ball, location: 2F
1-2: Ball
2-2: 2-RUN HOME RUN (Flyball, 9D, EV 95.6 MPH), Distance : 402 ft
Batting: LHB Brandon Belt 0-0: SOLO HOME RUN (Flyball, 9LD, EV 105.6 MPH), Distance : 351 ft
Batting: SHB Melky Cabrera 0-0: Ball
1-0: Fly out, F6 (Popup, 6M, EV 55.6 MPH)
Batting: LHB Andrew Toles 0-0: Fly out, F5 (Popup, 5SF, EV 70.6 MPH)
Top of the 4th over - 3 runs, 2 hits, 0 errors, 0 left on base; Chicago 3 - Minnesota 1
BOTTOM OF THE 4TH
Minnesota Twins batting - Pitching for Chicago White Sox : RHP Ross Stripling
Batting: RHB Miguel Rojas 0-0: Ball
1-0: Ground out 5-3 (Groundball, 56, EV 102.5 MPH)
Batting: LHB Freddie Freeman 0-0: Foul Ball, location: 2F
0-1: SINGLE (Line Drive, 34D, EV 109.4 MPH)
Batting: RHB Carlos Correa 0-0: Ball
1-0: Foul Ball, location: 2F
1-1: Foul Ball, location: 2F
1-2: Fielders Choice at 2nd, 3-6 (Groundball, 34, EV 81.9 MPH)
Batting: LHB Derek Dietrich 0-0: Ball
1-0: Ball
2-0: Called Strike
2-1: Ball
Wild Pitch!
Carlos Correa to second
3-1: Ground out 4-3 (Groundball, 4, EV 108.1 MPH)
Bottom of the 4th over - 0 runs, 1 hit, 0 errors, 1 left on base; Chicago 3 - Minnesota 1
TOP OF THE 5TH
Chicago White Sox batting - Pitching for Minnesota Twins : RHP Nick B. Anderson
Batting: LHB Marco Hernandez 0-0: Foul Ball, location: 2F
0-1: Ball
1-1: Foul Ball, location: 2F
1-2: Ball
2-2: Ball
3-2: Foul Ball, location: 2F
3-2: Fly out, F7 (Flyball, 7, EV 81.3 MPH)
Batting: RHB Alex Murphy 0-0: SINGLE (Line Drive, 7S, EV 100.0 MPH)
Batting: RHB Drew Jackson 0-0: Called Strike
0-1: Ball
1-1: SINGLE (Groundball, 6MD, EV 106.9 MPH)
Alex Murphy to second
Pitching: RHP Glenn Sparkman
Batting: LHB Michael Brantley 0-0: Ball
1-0: Foul Ball, location: 2F
1-1: Called Strike
1-2: Fly out, F5 (Popup, 56S, EV 61.3 MPH)
Batting: RHB Justin Turner 0-0: Ball
1-0: Called Strike
1-1: Called Strike
1-2: Ball
2-2: Ball
3-2: Base on Balls
Alex Murphy to third
Drew Jackson to second
Batting: LHB Corey Seager 0-0: Ball
1-0: Called Strike
1-1: Swinging Strike
1-2: Ball
2-2: Foul Ball, location: 2F
2-2: DOUBLE (Flyball, 8LXD, EV 107.5 MPH)
Alex Murphy scores
Drew Jackson scores
Justin Turner to third
Batting: LHB Brandon Belt 0-0: Ball
1-0: Called Strike
1-1: Fly out, F7 (Line Drive, 7D, EV 100.0 MPH)
Top of the 5th over - 2 runs, 3 hits, 0 errors, 2 left on base; Chicago 5 - Minnesota 1
BOTTOM OF THE 5TH
Minnesota Twins batting - Pitching for Chicago White Sox : RHP Ross Stripling
Batting: LHB Jay Bruce 0-0: Ball
1-0: Fly out, F8 (Flyball, 8LS, EV 93.1 MPH)
Batting: RHB Adam Jones 0-0: Ball
1-0: Ground out 4-3 (Groundball, 4, EV 108.8 MPH)
Batting: RHB Avisail Garcia 0-0: Foul Ball, location: 2F
0-1: Ball
1-1: Foul Ball, location: 2F
1-2: Ball
2-2: Strikes out swinging
Bottom of the 5th over - 0 runs, 0 hits, 0 errors, 0 left on base; Chicago 5 - Minnesota 1
TOP OF THE 6TH
Chicago White Sox batting - Pitching for Minnesota Twins : RHP Glenn Sparkman
Batting: SHB Melky Cabrera 0-0: Swinging Strike
0-1: Foul Ball, location: 2F
0-2: Foul Ball, location: 2F
0-2: Foul Ball, location: 2F
0-2: Foul Ball, location: 2F
0-2: Foul Ball, location: 2F
0-2: Foul Ball, location: 2F
0-2: Ball
1-2: Strikes out swinging
Batting: LHB Andrew Toles 0-0: Called Strike
0-1: DOUBLE (Flyball, 8RXD, EV 103.1 MPH)
Batting: LHB Marco Hernandez 0-0: Intentional Walk
Pitching: LHP Tanner Scott
Batting: RHB Alex Murphy 0-0: Foul Ball, location: 2F
0-1: Ball
1-1: Fly out, F7 (Flyball, 7S, EV 77.5 MPH)
Batting: RHB Drew Jackson 0-0: Ball
1-0: Foul Ball, location: 2F
1-1: Ball
2-1: Ball
3-1: Foul Ball, location: 2F
3-2: Foul Ball, location: 2F
3-2: Base on Balls
Andrew Toles to third
Marco Hernandez to second
Batting: LHB Michael Brantley 0-0: Foul Ball, location: 2F
0-1: Swinging Strike
0-2: Strikes out swinging
Top of the 6th over - 0 runs, 1 hit, 0 errors, 3 left on base; Chicago 5 - Minnesota 1
BOTTOM OF THE 6TH
Minnesota Twins batting - Pitching for Chicago White Sox : RHP Ross Stripling
Batting: RHB Chris Iannetta 0-0: Swinging Strike
0-1: Fly out, F8 (Line Drive, 8RD, EV 91.9 MPH)
Batting: LHB Nolan Fontana 0-0: Ground out 4-3 (Groundball, 4, EV 80.6 MPH)
Batting: RHB Miguel Rojas 0-0: Called Strike
0-1: Ball
1-1: Ball
2-1: Foul Ball, location: 2F
2-2: Foul Ball, location: 2F
2-2: Ground out 5-3 (Groundball, 56, EV 86.3 MPH)
Bottom of the 6th over - 0 runs, 0 hits, 0 errors, 0 left on base; Chicago 5 - Minnesota 1
TOP OF THE 7TH
Chicago White Sox batting - Pitching for Minnesota Twins : LHP Tanner Scott
Pitching: RHP Victor Arano
Batting: RHB Justin Turner 0-0: SINGLE (Flyball, 9S, EV 91.9 MPH)
Batting: LHB Corey Seager 0-0: Ball
1-0: DOUBLE (Flyball, 78XD, EV 107.5 MPH)
Justin Turner to third
Batting: LHB Brandon Belt 0-0: Intentional Walk
Batting: SHB Melky Cabrera 0-0: Ball
1-0: Fly out, F7 (Flyball, 78D, EV 101.3 MPH)
Runner from 3rd tags up, SCORES, throw by LF
Batting: LHB Andrew Toles 0-0: Swinging Strike
0-1: Ball
1-1: Fly out, F8 (Line Drive, 8RM, EV 89.4 MPH)
Batting: LHB Marco Hernandez 0-0: Called Strike
0-1: Fly out, F9 (Flyball, 9LM, EV 86.3 MPH)
Top of the 7th over - 1 run, 2 hits, 0 errors, 2 left on base; Chicago 6 - Minnesota 1
BOTTOM OF THE 7TH
Minnesota Twins batting - Pitching for Chicago White Sox : RHP Ross Stripling
Batting: LHB Freddie Freeman 0-0: Called Strike
0-1: Ball
1-1: Foul Ball, location: 2F
1-2: Foul Ball, location: 2F
1-2: Foul Ball, location: 2F
1-2: Ball
2-2: Ball
3-2: Foul Ball, location: 2F
3-2: Ground out 5-3 (Groundball, 56, EV 86.9 MPH)
Batting: RHB Carlos Correa 0-0: Ball
1-0: Ground out 5-3 (Groundball, 56, EV 105.6 MPH)
Batting: LHB Derek Dietrich 0-0: Ball
1-0: DOUBLE (Line Drive, 7LS, EV 105.0 MPH)
Pitching: LHP Brian Clark
Batting: LHB Jay Bruce 0-0: Fly out, F5 (Popup, 5F, EV 78.1 MPH)
Bottom of the 7th over - 0 runs, 1 hit, 0 errors, 1 left on base; Chicago 6 - Minnesota 1
TOP OF THE 8TH
Chicago White Sox batting - Pitching for Minnesota Twins : RHP Victor Arano
Batting: RHB Alex Murphy 0-0: Called Strike
0-1: Foul Ball, location: 2F
0-2: Strikes out swinging
Batting: RHB Drew Jackson 0-0: Called Strike
0-1: Ball
1-1: Ball
2-1: Ground out 4-3 (Groundball, 4M, EV 105.0 MPH)
Batting: LHB Michael Brantley 0-0: Ball
1-0: Called Strike
1-1: Ball
2-1: Ball
3-1: Foul Ball, location: 2F
3-2: DOUBLE (Flyball, 89D, EV 85.6 MPH)
Batting: RHB Justin Turner 0-0: Called Strike
0-1: SINGLE (Flyball, 9S, EV 88.1 MPH)
Michael Brantley to third
Pitching: LHP Andrew Vasquez
Batting: LHB Corey Seager 0-0: Foul Ball, location: 2F
0-1: Foul Ball, location: 2F
0-2: Strikes out swinging
Top of the 8th over - 0 runs, 2 hits, 0 errors, 2 left on base; Chicago 6 - Minnesota 1
BOTTOM OF THE 8TH
Minnesota Twins batting - Pitching for Chicago White Sox : LHP Brian Clark
Batting: RHB Adam Jones 0-0: Foul Ball, location: 2F
0-1: Foul Ball, location: 2F
0-2: Strikes out swinging, 2-3 out at first.
Batting: RHB Avisail Garcia 0-0: Foul Ball, location: 2F
0-1: Called Strike
0-2: Foul Ball, location: 2F
0-2: SINGLE (Flyball, 8LS, EV 93.1 MPH)
Batting: RHB Chris Iannetta 0-0: Ball
1-0: Foul Ball, location: 2F
1-1: Foul Ball, location: 2F
1-2: Ball
Passed Ball!
Avisail Garcia to second
2-2: Foul Ball, location: 2F
2-2: Foul Ball, location: 2F
2-2: Ball
3-2: Foul Ball, location: 2F
3-2: Foul Ball, location: 2F
3-2: Foul Ball, location: 2F
3-2: Foul Ball, location: 2F
3-2: Ground out 1-3 (Groundball, 34S, EV 80.6 MPH)
Avisail Garcia to third
Batting: LHB Nolan Fontana 0-0: SINGLE (Groundball, 4, EV 109.4 MPH) (infield hit)
Avisail Garcia scores
Batting: RHB Miguel Rojas 0-0: Called Strike
0-1: Fielders Choice at 2nd, 5-4 (Groundball, 56, EV 103.1 MPH)
Bottom of the 8th over - 1 run, 2 hits, 0 errors, 1 left on base; Chicago 6 - Minnesota 2
TOP OF THE 9TH
Chicago White Sox batting - Pitching for Minnesota Twins : LHP Andrew Vasquez
Batting: LHB Brandon Belt 0-0: Called Strike
0-1: Ball
1-1: Ball
2-1: Swinging Strike
2-2: Strikes out looking
Batting: SHB Melky Cabrera 0-0: SOLO HOME RUN (Flyball, 7D, EV 96.3 MPH), Distance : 362 ft
Batting: LHB Andrew Toles 0-0: Called Strike
0-1: Ball
1-1: Ground out 6-3 (Groundball, 6M, EV 105.6 MPH)
Batting: LHB Marco Hernandez 0-0: Swinging Strike
0-1: Foul Ball, location: 2F
0-2: Ball
1-2: Strikes out swinging
Top of the 9th over - 1 run, 1 hit, 0 errors, 0 left on base; Chicago 7 - Minnesota 2
BOTTOM OF THE 9TH
Minnesota Twins batting - Pitching for Chicago White Sox : LHP Brian Clark
Batting: LHB Freddie Freeman 0-0: Ball
1-0: Called Strike
1-1: Foul Ball, location: 2F
1-2: Foul Ball, location: 2F
1-2: Strikes out looking
Batting: RHB Carlos Correa 0-0: Called Strike
0-1: Foul Ball, location: 2F
0-2: Ball
1-2: SOLO HOME RUN (Flyball, 7LD, EV 93.8 MPH), Distance : 354 ft
Batting: LHB Derek Dietrich 0-0: Ball
1-0: Called Strike
1-1: Foul Ball, location: 2F
1-2: Ball
2-2: Ground out 4-3 (Groundball, 4, EV 88.8 MPH)
Batting: LHB Jay Bruce 0-0: Called Strike
0-1: Ground out 4-3 (Groundball, 34, EV 84.4 MPH)
Bottom of the 9th over - 1 run, 1 hit, 0 errors, 0 left on base; Chicago 7 - Minnesota 3
Sunday, December 22nd, 2019 - OOTP Baseball 20.8 Build 73